 Dungeon Crawl Stone Soup version 0.31-a0-844-gdc52ec4e09 (webtiles) character file.

Game seed: 1688997660219742417

28 Kurtz the Chopper (level 3, 0/26 HPs)
             Began as an Octopode Fighter on Sept 30, 2023.
             Slain by a goblin
             ... wielding a +0 club
             ... led by Robin
              (6 damage)
             ... on level 2 of the Dungeon.
             The game lasted 00:00:37 (697 turns).

Kurtz the Chopper (Octopode Fighter)                 Turns: 697, Time: 00:00:37

Health: 0/26       AC:  1    Str: 21    XL:     3   Next: 14%
Magic:  3/3        EV: 13    Int: 10    God:
Gold:   59         SH:  4    Dex: 13    Spells: 2/2 levels left

rFire   . . .        a - +0 war axe
rCold   . . .        b - +0 buckler
rNeg    . . .        (helmet restricted)
rPois   .            (no amulet)
rElec   .            d - +6 ring of strength
rCorr   .            (no ring)
SInv    .            (no ring)
Will    .....        (no ring)
Stlth   ++           (no ring)
HPRegen 0.24/turn    (no ring)
MPRegen 0.08/turn    (no ring)
                     (no ring)

%: no passive effects
@: no status effects
A: almost no armour, amphibious, 8 rings, camouflage 1, gelatinous body 1,
(nimble swimmer 1), tentacles
a: no special abilities


You were on level 2 of the Dungeon.
You visited 1 branch of the dungeon, and saw 2 of its levels.

You collected 59 gold pieces.

Inventory:

Hand Weapons
 a - a +0 war axe (weapon)
Armour
 b - a +0 buckler (worn)
Jewellery
 d - a +6 ring of strength (left tentacle)
Scrolls
 g - a scroll of revelation {unknown}
Potions
 c - a potion of might
 e - a potion of heal wounds {unknown}
 f - 3 potions of cancellation {unknown}


   Skills:
 - Level 3.0 Fighting
 * Level 3.5 Axes
 - Level 3.0 Dodging
 - Level 3.0 Shields


You had 2 spell levels left.
You didn't know any spells.
Your spell library contained the following spells:

 Spells                   Type           Power      Damage    Failure   Level
 Sandblast                Erth           0%         2d4       43%         1
 Passwall                 Tmut/Erth      0%         N/A       56%         2
 Stone Arrow              Conj/Erth      0%         3d7       80%         3
 Brom's Barrelling Bould  Conj/Erth      0%         2d3       99%         4


Dungeon Overview and Level Annotations

Branches:
Dungeon (2/15)

Altars:

Shops:
D:1 [[(

Annotations:
D:2 Robin


Innate Abilities, Weirdness & Mutations

You cannot wear most types of armour.
You are amphibious.
You can wear up to eight rings at the same time.
Your skin changes colour to match your surroundings (Stealth+).
Your rubbery body absorbs attacks. (AC +1, EV +1)
((You are camouflaged when in or above water. (Stealth+)))
You have tentacles for arms and can constrict up to eight enemies at once.


Message History

The goblin shoots a sling bullet.
The sling bullet misses you.
Unknown command.
Robin and a goblin come into view.
The goblin unwields a +0 sling.
The goblin wields a +0 club.
The goblin barely misses you.
You see here a hobgoblin corpse.
Unknown command.
You barely miss the goblin. Your grab misses the goblin.
Robin throws the goblin at you! The goblin closely misses you.
The goblin hits you but does no damage.
You slash the goblin!
You kill the goblin!
You closely miss the goblin. x2; Robin throws the goblin at you!
The goblin hits you with a +0 club. The goblin barely misses you.
The goblin hits you with a +0 club. The goblin barely misses you.
The goblin hits you with a +0 club.
You are too injured to fight recklessly!
There are monsters nearby!
You are too injured to fight recklessly!
You are too injured to fight recklessly!
Unknown command.
You are too injured to fight recklessly!
The goblin unwields a +0 club.
The goblin wields a +0 sling.
The goblin shoots a sling bullet.
You block the sling bullet.
Robin roars a battlecry!
The goblins go into a battle-frenzy!
The goblin barely misses you. The goblin attacks as it pursues you!
The goblin hits you with a +0 club.
* * * LOW HITPOINT WARNING * * *
Robin throws the goblin at you!
* * * LOW HITPOINT WARNING * * *
You block the goblin's attack.
The goblin unwields a +0 sling.
The goblin wields a +0 club.
The goblin closely misses you. You block the goblin's attack.
The goblin attacks as it pursues you! The goblin closely misses you.
The goblin unwields a +0 club.
The goblin wields a +0 sling.
The goblin shoots a sling bullet.
You block the sling bullet. The goblin attacks as it pursues you!
You block the goblin's attack. The goblin attacks as it pursues you!
The goblin hits you with a +0 club.
You die...

########
#.....###.#
#####...#.#
###...# ##..#
####..#
#.....#
#.....#######
#....g.......
#^@g..####...
#...g.)#
#....#g#
######..#
..... #.#####
#. ##


You could see Robin and 3 goblins.

Vanquished Creatures
  A dart slug (D:1)
  2 endoplasms (D:1)
  5 goblins
  3 hobgoblins
  2 quokkas (D:1)
  4 ball pythons (D:1)
  2 bats (D:1)
  2 frilled lizards (D:1)
  2 kobolds (D:1)
  A rat (D:1)
24 creatures vanquished.

Notes
Turn   | Place    | Note
-------+----------+-------------------------------------------
     0 | D:1      | Kurtz the Octopode Fighter began the quest for the Orb.
     0 | D:1      | Reached XP level 1. HP: 16/16 MP: 1/1
   146 | D:1      | Found Sypekk's Antique Armour Emporium.
   153 | D:1      | Reached XP level 2. HP: 21/21 MP: 2/2
   187 | D:1      | Found Cimnilaj's Antique Armour Boutique.
   217 | D:1      | Found Visiq's Weapon Boutique.
   406 | D:1      | Found a faded altar of an unknown god.
   687 | D:2      | Reached XP level 3. HP: 19/26 MP: 3/3
   690 | D:2      | Noticed Robin
   697 | D:2      | Slain by a goblin

Illustrated notes

Levels and vault maps discovered:
D:1:      elethiomel_arrival_maze, layout_basic, ebering_ecumenical_altar_mist,
          serial_shops, shop, nicolae_shop_advertising_works
          [nicolae_subvault_shop_adworks], nicolae_shop_bloodbath_and_beyond
D:2:      layout_basic, minmay_3d_cube, uniq_robin

Skill      XL: |  1  2 |
---------------+-------+-----
Axes           | 3 |  3.5
Fighting       | |  3.0
Dodging        | |  3.0
Shields        | |  3.0

Action                     || total
---------------------------++-------
  Melee: War axe           ||    40
         Constrict         ||    11
         Tentacles         ||     6
   Stab: Sleeping          ||     2
 Armour: Skin              ||    20
  Dodge: Dodged            ||    22
  Block: Buckler           ||    14

Table legend: (Time is in decaauts)
 A = Elapsed time spent in this place.
 B = Non-inter-level travel time spent in this place.
 C = Inter-level travel time spent in this place.
 D = Time resting spent in this place.
 E = Time spent auto-exploring this place.
 F = Levels seen in this place.
 G = Mean time per level.
                   A        B        C        D        E       F      G
               +--------+--------+--------+--------+--------+-----+--------+
         Total |    710 |    693 |     17 |      0 |    553 |   2 |  355.0 |
       Dungeon |    710 |    693 |     17 |      0 |    553 |   2 |  355.0 |
               +--------+--------+--------+--------+--------+-----+--------+

Top non-repeatable levels by time:
     D:1: 660 daAuts
     D:2: 50 daAuts
